 Dungeon Crawl Stone Soup version 0.20-a0-871-g785f14b (webtiles) character file.

203 JeffiDaFish the Digger (level 5, 0/29 HPs)
             Began as a Gargoyle Earth Elementalist on Mar 14, 2017.
             Slain by Cervance's ghost (10 damage)
             ... on level 4 of the Dungeon.
             The game lasted 00:10:50 (3447 turns).

JeffiDaFish the Digger (GrEE)                       Turns: 3447, Time: 00:10:51

Health: 0/29       AC: 11    Str: 12    XL:     5   Next: 81%
Magic:  1/9        EV: 11    Int: 15    God:
Gold:   160        SH:  0    Dex: 11    Spells: 6/10 levels left

rFire    . . .     SeeInvis .   l - +1 trident
rCold    . . .     Gourm    .   f - +0 leather armour
rNeg     + . .     Faith    .   (no shield)
rPois    ∞         Spirit   .   i - +2 helmet
rElec    +         Reflect  .   h - +0 cloak
rCorr    .         Harm     .   (no gloves)
MR       .....                  (no boots)
Stlth    ++........             (no amulet)
Regen    0.1/turn               (no ring)
MPRegen  0.2/turn               (no ring)

@: no status effects
A: yellow scales 1, deformed body, negative energy resistance 1, electricity
resistance, unbreathing, petrification resistance, rot immunity, AC +4
a: no special abilities


You were on level 4 of the Dungeon.
You were not hungry.

You visited 1 branch of the dungeon, and saw 5 of its levels.

You collected 160 gold pieces.

Inventory:

Hand Weapons
 l - a +1 trident (weapon)
Missiles
 b - 6 stones (quivered)
Armour
 f - a +0 leather armour (worn)
 h - a +0 cloak (worn)
 i - a +2 helmet (worn)
Scrolls
 c - 3 scrolls of remove curse
Books
 e - a book of Geomancy

   Spells                             Type                      Level
   a - Sandblast                      Earth                        1
   b - Passwall                       Transmutation/Earth          2
   c - Stone Arrow                    Conjuration/Earth            3
   d - Petrify                        Transmutation/Earth          4
   e - Lee's Rapid Deconstruction     Earth                        5
Comestibles
 a - a meat ration
 d - 5 bread rations
 g - a royal jelly
 j - 5 chunks of flesh


   Skills:
 + Level 1.3 Fighting
   Level 0.1 Short Blades
 + Level 1.4 Armour
 - Level 1.7 Dodging
 - Level 2.1 Stealth
 - Level 0.2 Unarmed Combat
 * Level 3.0 Spellcasting
 + Level 2.0 Conjurations
   Level 0.7 Transmutations
 * Level 5.5 Earth Magic


You had 6 spell levels left.
You knew the following spells:

 Your Spells              Type           Power        Failure   Level  Hunger
a - Sandblast             Erth           ###...       2%          1    #......
b - Stone Arrow           Conj/Erth      ##....       17%         3    ###....


Dungeon Overview and Level Annotations

Branches:
Dungeon (5/15)
 Temple: D:4-7

Altars:

Annotations:
D:4 Cervance's ghost, amateur OgSk


Innate Abilities, Weirdness & Mutations

You are resistant to torment.
Your stone body is resilient. (AC +4)
You are immune to poison.
You resist negative energy. (rN+)
You are resistant to electric shocks. (rElec)
You can survive without breathing.
You are immune to petrification.
You are immune to rotting.
You are partially covered in yellow scales. (AC +2)
Armour fits poorly on your strangely shaped body.


Message History

Attack whom?
Press: ? - help, Dir - move target cursor, f/p - Cervance's ghost
Aim: Cervance's ghost (moderately damaged)
You closely miss Cervance's ghost.
Cervance's ghost is moderately damaged.
Cervance's ghost hits you.
Cervance's ghost hits you but does no damage.
Attack whom?
Press: ? - help, Dir - move target cursor, f/p - Cervance's ghost
Aim: Cervance's ghost (moderately damaged)
You hit Cervance's ghost.
Cervance's ghost is heavily damaged.
Cervance's ghost hits you.
Attack whom?
Press: ? - help, Dir - move target cursor, f/p - Cervance's ghost
Aim: Cervance's ghost (heavily damaged)
You closely miss Cervance's ghost.
Cervance's ghost is heavily damaged.
Cervance's ghost hits you!
You die...

*,##***#...........#_**..#
*,* #.....#######,***?#
*,* #..##.# **,,,**,# *,*
#..*#.# *,,*,,*,* *,*
#.,*#.## *,***,*,** ****,*
#.,*#..# **,***,*,,*
,,,,,*
#,,*##.#**,,,_*,**,*
****** *,,*
#.#*_,,,,*,,+,* *,,*
#@#**,,,_*,****
*,,**#W#***,***,*
******,,,,...,,*,***,* **
*,,,,,,,,...##**,,*,,* ,*
**,*****,##### **,,,**
,****,*,** *,* **,**
,,**,***,***,* *_* ,,*,**
**,,,,* *** ,,**,***,*****


You could see Cervance's ghost.

Vanquished Creatures
  A worker ant (D:4)
  Robin (D:2)
  4 gnolls (D:4)
  4 adders
  2 oozes
  2 worms (D:2)
  5 dart slugs (D:1)
  6 orcs
  6 bats
  A giant cockroach (D:1)
  13 goblins
  7 hobgoblins
  A quokka (D:3)
  A ball python skeleton (D:4)
  5 frilled lizards
  5 kobolds
  6 rats
70 creatures vanquished.

Notes
Turn   | Place    | Note
-------+----------+-------------------------------------------
     0 | D:1      | JeffiDaFish the Gargoyle Earth Elementalist began the quest for the Orb.
     0 | D:1      | Reached XP level 1. HP: 10/10 MP: 3/3
    76 | D:1      | Reached skill level 4 in Earth Magic
    76 | D:1      | Reached XP level 2. HP: 6/15 MP: 0/5
   654 | D:1      | Reached XP level 3. HP: 19/19 MP: 4/6
   659 | D:1      | Learned a level 3 spell: Stone Arrow
  1483 | D:2      | Gained mutation: Armour fits poorly on your strangely shaped body. [potion of mutation]
  1483 | D:2      | Gained mutation: You are partially covered in yellow scales. (AC +2) [potion of mutation]
  1599 | D:2      | Noticed Robin
  1621 | D:2      | Reached XP level 4. HP: 8/24 MP: 0/7
  1680 | D:2      | Reached skill level 1 in Conjurations
  1954 | D:2      | Killed Robin
  1996 | D:2      | Reached skill level 5 in Earth Magic
  2111 | D:2      | Reached skill level 1 in Fighting
  2520 | D:3      | Reached skill level 1 in Armour
  2669 | D:3      | Reached XP level 5. HP: 29/29 MP: 5/8
  2876 | D:3      | You fall through a shaft for 2 floors!
  2876 | D:5      | Entered Level 5 of the Dungeon
  2929 | D:4      | HP: 1/29 [gnoll/whip (2)]
  3438 | D:4      | Noticed Cervance's ghost (amateur OgSk)
  3447 | D:4      | Slain by Cervance's ghost

Vault maps used:
D:1:      dpeg_arrival_shrine, minmay_cut_off
D:2:      uniq_robin
D:4:      chequers_temple_overflow_minitemple, uniq_pikel
D:5:      minmay_temple_entry_grid, first_bread

Skill      XL: |  1  2  3  4  5 |
---------------+----------------+-----
Earth Magic    | 4 5 |  5.5
Conjurations   | 1 2 |  2.0
Fighting       | 1 |  1.3
Armour         | 1 |  1.4
Spellcasting   | 3 |  3.0
Short Blades   | |  0.1
Dodging        | |  1.7
Stealth        | |  2.1
Unarmed Combat | |  0.2
Transmutations | |  0.7

Action                   |  1- 3 |  4- 6 || total
-------------------------+-------+-------++-------
Melee: Unarmed           |    15 |       ||    15
       Dagger            |    93 |    86 ||   179
       Trident           |       |    76 ||    76
 Cast: Sandblast         |    20 |    19 ||    39
       Stone Arrow       |     3 |     8 ||    11
  Use: Scroll            |     2 |     5 ||     7
       Potion            |     3 |     3 ||     6
 Stab: Sleeping          |     1 |     5 ||     6
  Eat: Chunk             |     3 |     7 ||    10
Armor: Robe              |     1 |       ||     1
       Leather armour    |    54 |    99 ||   153
Dodge: Dodged            |    74 |   133 ||   207
